 Dungeon Crawl Stone Soup version 0.26-a0-1053-gaff5f71418 (webtiles) character file.

Game seed: 10081066756989792232

30 wythoutpain the Conjurer (level 3, -3/26 HPs)
             Began as a Draconian Conjurer on Dec 12, 2020.
             Was an Initiate of Sif Muna.
             Slain by Grinder (11 damage)
             ... on level 3 of the Dungeon.
             The game lasted 00:15:20 (2202 turns).

wythoutpain the Conjurer (Draconian Conjurer)       Turns: 2202, Time: 00:15:21

Health: -3/26      AC:  5    Str:  9    XL:     3   Next: 5%
Magic:  0/6        EV: 12    Int: 19    God:    Sif Muna [......]
Gold:   135        SH:  0    Dex:  9    Spells: 3/6 levels left

rFire    . . .     SeeInvis .   i - +0 quarterstaff
rCold    . . .     Faith    .   (shield currently unavailable)
rNeg     . . .     Spirit   .   (armour unavailable)
rPois    .         Reflect  .   (helmet restricted)
rElec    .         Harm     .   (no cloak)
rCorr    .         Rampage  .   (no gloves)
Will     .....                  (no boots)
Stlth    ++........             (no amulet)
HPRegen  0.08/turn              (no ring)
MPRegen  0.10/turn              (no ring)

@: no status effects
A: unfitting armour, cold-blooded, AC +5
a: Renounce Religion


You were on level 3 of the Dungeon.
You worshipped Sif Muna.
Sif Muna was noncommittal.
You visited 1 branch of the dungeon, and saw 3 of its levels.

You collected 135 gold pieces.

Inventory:

Hand Weapons
 i - a +0 quarterstaff (weapon)
Missiles
 j - 44 stones
Armour
 k - a +1 buckler
Scrolls
 a - 3 scrolls of identify
 e - 2 scrolls of immolation
 g - a scroll of magic mapping
 l - a scroll of teleportation
Potions
 d - a potion of mutation {unknown}
 f - 2 potions of curing
 n - a potion of attraction {unknown}
 p - a potion of heal wounds {unknown}


   Skills:
 + Level 0.4 Staves
 + Level 1.8 Dodging
 + Level 1.9 Stealth
 + Level 2.1 Spellcasting
 + Level 4.7 Conjurations


You had 3 spell levels left.
You knew the following spells:

 Your Spells              Type           Power        Failure   Level
a - Magic Dart            Conj           ###.         2%          1
b - Searing Ray           Conj           ###...       3%          2

Your spell library contained the following spells:

 Spells                   Type           Power        Failure   Level
 Dazzling Flash           Conj/Hex       ##....       19%         3
 Fulminant Prism          Conj/Hex       ##........   54%         4
 Iskenderun's Mystic Bla  Conj/Tloc      ##......     54%         4


Dungeon Overview and Level Annotations

Branches:
Dungeon (3/15)

Altars:
Elyvilon
Qazlal
Sif Muna

Annotations:
D:3 Grinder


Innate Abilities, Weirdness & Mutations

Your plain brown scales are hard. (AC +5)
You cannot fit into any form of body armour.
You are cold-blooded and may be slowed by cold attacks.


Message History

You hit Grinder.
Grinder is severely wounded.
Grinder hits you. Grinder barely misses you.
You hit Grinder.
Grinder is severely wounded.
Grinder closely misses you.
Aiming: Magic Dart (safe; 2% risk of failure)
Press: ? - help, Q - select action, (/) - cycle Shift-Dir - straight line, f/p - Grinder
Aim: Grinder (severely wounded, 0% to evade)
The magic dart hits Grinder.
Grinder is severely wounded.
Grinder gestures at you. You resist with significant effort.
You hit Grinder but do no damage.
Grinder is severely wounded.
Grinder hits you!
You writhe in agony.
You hit Grinder.
Grinder is almost dead.
Grinder hits you!
You die...

.......##
##.#
........###.#
#...####.#..#
# ##.#.#
###.# #.# #.#
...########.#
...........@#
########...5#
#.#### #.#
#.# #.# #.#
#.# #.# #.#
#.# ##.# #.#


You could see Grinder.

Vanquished Creatures
  A worm (D:2)
  A dart slug (D:2)
  A leopard gecko (D:2)
  2 giant cockroaches (D:2)
  2 goblins (D:2)
  4 hobgoblins
  3 kobolds
  2 bats
  2 frilled lizards (D:1)
  7 rats
25 creatures vanquished.

Notes
Turn   | Place    | Note
-------+----------+-------------------------------------------
     0 | D:1      | wythoutpain the Draconian Conjurer began the quest for the
                  | Orb.
     0 | D:1      | Reached XP level 1. HP: 14/14 MP: 3/3
   371 | D:1      | Reached XP level 2. HP: 20/20 MP: 3/5
  1150 | D:2      | Learned a level 2 spell: Searing Ray
  1273 | D:2      | Found a stormy altar of Qazlal.
  1901 | D:2      | Reached XP level 3. HP: 26/26 MP: 3/6
  1934 | D:2      | Found a shimmering blue altar of Sif Muna.
  1942 | D:2      | Became a worshipper of Sif Muna the Loreminder
  2029 | D:3      | Found a white marble altar of Elyvilon.
  2179 | D:3      | Noticed Grinder
  2202 | D:3      | Slain by Grinder

Illustrated notes

Levels and vault maps discovered:
D:1:      dpeg_arrival_tiny_h, layout_basic, kennysheep_small_spiral
D:2:      layout_loops_ring, lemuel_coloured_pillars_altar, old_standard_altar
D:3:      layout_loops_ring, elyvilon_altar_4, uniq_grinder

Action                   || total
-------------------------++-------
Melee: Short sword       ||     2
       Unarmed           ||     2
       Tailslap          ||     1
       Quarterstaff      ||    27
 Cast: Magic Dart        ||    50
       Searing Ray       ||     1
  Use: Scroll            ||     9
Armor: Skin              ||    12
Dodge: Dodged            ||    27

Table legend: (Time is in decaauts)
 A = Elapsed time spent in this place.
 B = Non-inter-level travel time spent in this place.
 C = Inter-level travel time spent in this place.
 D = Time resting spent in this place.
 E = Time spent auto-exploring this place.
 F = Levels seen in this place.
 G = Mean time per level.
                   A        B        C        D        E       F      G
               +--------+--------+--------+--------+--------+-----+--------+
         Total |   2210 |   2187 |     23 |    704 |    993 |   3 |  736.7 |
       Dungeon |   2210 |   2187 |     23 |    704 |    993 |   3 |  736.7 |
               +--------+--------+--------+--------+--------+-----+--------+

Top non-repeatable levels by time:
     D:2: 1371 daAuts
     D:1: 663 daAuts
     D:3: 175 daAuts
